 Dungeon Crawl Stone Soup version 0.25-a0-547-g27a0b5d (webtiles) character file.

Game seed: 5133686106324628230, levelgen mode: deterministic

12373 Faels the Covert (level 11, 54/54 HPs)
             Began as a Felid Berserker on Feb 21, 2020.
             Was an Elder of Trog.
             Quit the game on level 4 of the Lair of Beasts on Feb 22, 2020.
             The game lasted 00:49:26 (17526 turns).

Faels the Covert (Felid Berserker)                 Turns: 17526, Time: 00:49:27

Health: 54/54      AC:  3    Str: 15    XL:     11   Next: 61%
Magic:  19/19      EV: 26    Int: 13    God:    Trog [****..]
Gold:   907        SH:  0    Dex: 17    Spells: 10/10 levels left
                                        Lives:  1   Deaths: 2

rFire    . . .     SeeInvis +     - Unarmed
rCold    + . .     Gourm    .   (shield unavailable)
rNeg     + + .     Faith    +   (armour unavailable)
rPois    .         Spirit   .   (helmet unavailable)
rElec    .         Reflect  .   (cloak unavailable)
rCorr    +         Harm     .   (gloves unavailable)
MR       +....                  (boots unavailable)
Stlth    ++++++....             f - amulet of faith
HPRegen  0.18/turn              h - ring of resist corrosion
MPRegen  0.16/turn              C - ring of the Median {*Drain rN++ EV-3 Int+3} (curse)

@: quick
A: very small, no armour, no weapons or thrown items, stealth, claws 1, fangs 3,
see invisible, carnivore, speed 1, shaggy fur 3, slow metabolism 1, sharp paws
a: Berserk, Trog's Hand, Brothers in Arms, Renounce Religion


You were on level 4 of the Lair of Beasts.
You worshipped Trog.
Trog was greatly pleased with you.
You were not hungry.

You visited 3 branches of the dungeon, and saw 16 of its levels.

You collected 907 gold pieces.

Inventory:

Jewellery
 f - an amulet of faith (around neck)
 h - a ring of resist corrosion (left paw)
 i - an uncursed ring of stealth
 l - a +5 ring of intelligence
 C - the cursed ring of the Median (right paw) {*Drain rN++ EV-3 Int+3}
   (You found it on level 1 of the Lair of Beasts)

   [ring of evasion]

   It affects your evasion (-3).
   It affects your intelligence (+3).
   It greatly protects you from negative energy.
   It causes draining when unequipped.
   It has a curse placed upon it.
Wands
 p - a wand of flame (37)
 r - a wand of paralysis (21)
 v - a wand of digging (9)
 x - a wand of iceblast (23)
 F - a wand of polymorph (6)
Scrolls
 b - a scroll of noise {unknown}
 c - 2 scrolls of fear
 j - 2 scrolls of fog
 k - 2 scrolls of random uselessness
 m - 12 scrolls of remove curse
 o - 2 scrolls of magic mapping
 q - a scroll of immolation
 s - a scroll of vulnerability {unknown}
 u - a scroll of enchant armour {unknown}
 y - a scroll of brand weapon {unknown}
 z - a scroll of blinking {unknown}
 E - a scroll of holy word {unknown}
Potions
 d - 5 potions of might
 e - 4 potions of haste
 g - a potion of heal wounds
 n - 4 potions of curing
 t - a potion of brilliance
 w - a potion of resistance
 A - a potion of berserk rage {unknown}
 B - 2 potions of cancellation
 D - a potion of mutation {unknown}
Comestibles
 a - 23 rations


   Skills:
 + Level 10.3 Fighting
 + Level 13.0 Dodging
 + Level 13.3 Stealth
 + Level 10.4 Unarmed Combat
 + Level 10.1 Evocations


You had 10 spell levels left.
You didn't know any spells.
Your spell library contained the following spells:

 Spells                   Type           Power        Failure   Level  Hunger
 Beastly Appendage        Tmut           #.....       30%         1    ##.....
 Sandblast                Erth           #.....       30%         1    ##.....
 Passwall                 Tmut/Erth      #.......     43%         2    ###....
 Sticks to Snakes         Tmut           #.......     43%         2    ###....
 Spider Form              Tmut/Pois      #.........   67%         3    ####...
 Stone Arrow              Conj/Erth      #.....       67%         3    ####...
 Ice Form                 Ice/Tmut       #.......     97%         4    #####..
 Petrify                  Tmut/Erth      #.......     97%         4    #####..
 Blade Hands              Tmut           #.........   100%        5    ######.
 Lee's Rapid Deconstruct  Erth           #.........   100%        5    ######.


Dungeon Overview and Level Annotations

Branches:
Dungeon (11/15)            Temple (1/1) D:6            Lair (4/6) D:8
 Shoals (0/4) Lair:4       Spider (0/4) Lair:3
    Orc: D:9-12

Altars:
Ashenzari
Cheibriados
Dithmenos
Elyvilon
Fedhas
Gozag
Hepliaklqana
Kikubaaqudgha
Makhleb
Nemelex Xobeh
Okawaru
Qazlal
Ru
Sif Muna
Trog
Uskayaw
Vehumet
Wu Jian
Xom
Yredelemnul
Zin
The Shining One

Annotations:
D:7 2 transporters, jonnos's ghost, novice MiBe
Lair:1 3 runed translucent doors, Xaclaxko's ghost, journeyman OpFi


Innate Abilities, Weirdness & Mutations

You cannot wear armour.
You are incapable of wielding weapons or throwing items.
Your paws allow you to move quietly. (Stealth)
You have sharp claws.
You have razor-sharp teeth.
You have supernaturally acute eyesight. (SInv)
You are carnivorous and can eat meat at any time.
You cover ground quickly.
Your thick and shaggy fur keeps you warm. (AC +3, rC+)
You have a slow metabolism.
Your sharp claws are effective at attacking unaware monsters.


Message History

You hear the quick crackling of a very distant melting archway.
Your ogre goes berserk!
You feel quite a bit less full.
Your ogre barely misses the eight-headed hydra.
The eight-headed hydra completely misses you.
The eight-headed hydra bites you!
You die...
The eight-headed hydra bites you!
The eight-headed hydra closely misses you.
The eight-headed hydra completely misses you. x2
The eight-headed hydra closely misses you.
The eight-headed hydra misses you.
You are now level 11!
You rejoin the land of the living...
You start waiting.
You hear a shout! x4
Your ogre rages.
The eight-headed hydra is too close now for your liking.
An eight-headed hydra is nearby!
Are you sure you want to abandon this character and quit the game? (Confirm with "yes".)

#....P...# ***,>,****** ##
#....#P#.# ***** #. .....##### *#
..####*## ##* *** ##* ##
#..####.## #.#### **.###.*##.
.#...#...# ##....#####......##..
..#......# #.................##.
#.#.....## *#...................
.......## #..@................
........## ##..................
#........######...O..............
##.......##.#P...................
#...#...P........................
.....#...........................
..........##.####............#...
..........#### ##......D.........
........#.# #.............#...


You could see an eight-headed hydra and a friendly ogre (berserk).

Vanquished Creatures
  Nessos (Lair:4)
  3 hydras
  A two-headed ogre (D:10)
  A centaur warrior (D:11)
  A death yak (D:8)
  A wizard (D:9)
  An orc sorcerer (D:9)
  A merfolk siren (Lair:4)
  6 elephants
  Psyche (D:11)
  4 spiny frogs
  Maggie (D:8)
  2 rime drakes
  A komodo dragon (Lair:1)
  2 hornets (D:10)
  4 hippogriffs
  Sigmund (D:6)
  A wyvern (Lair:3)
  2 fire elementals (Lair:2)
  A basilisk (Lair:1)
  15 yaks
  A steam dragon (D:10)
  Menkaure (D:7)
  2 soldier ants (D:10)
  9 porcupines
  5 water moccasins
  4 orc warriors
  2 ice beasts
  An eye of draining (D:10)
  7 ogres
  A phantom (D:8)
  A necrophage (D:8)
  5 wolves (Lair:1)
  3 centaurs
  5 crocodiles
  7 bullfrogs
  A wyvern skeleton (D:6)
  4 scorpions
  4 killer bees (D:7)
  8 electric eels
  2 howler monkeys (D:6)
  3 crimson imps
  A centaur zombie (D:5)
  A quasit (D:6)
  3 jellies
  4 hounds
  5 orc priests
  A bullfrog skeleton (D:6)
  4 iguanas
  3 worker ants
  6 orc wizards
  A hound zombie (D:10)
  A howler monkey zombie (D:10)
  A howler monkey skeleton (D:6)
  12 adders
  3 shadow imps
  An ooze (D:3)
  An adder skeleton (D:6)
  4 worms
  A dart slug (D:4)
  7 leopard geckos
  16 orcs
  A ball python (D:8)
  5 bats
  7 giant cockroaches
  10 goblins
  6 hobgoblins
  9 jackals
  9 kobolds
  3 quokkas
  5 frilled lizards
  A leopard gecko skeleton (D:4)
  A quokka zombie (D:6)
  4 rats
264 creatures vanquished.

Vanquished Creatures (collateral kills)
  2 hydras
  3 merfolk sirens (Lair:4)
  A black mamba (Lair:1)
  A komodo dragon (Lair:4)
  A hippogriff (Lair:1)
  3 blink frogs (Lair:1)
  3 yaks (Lair:1)
  A water moccasin (Lair:1)
  2 porcupines (Lair:1)
  A wolf (Lair:1)
  A crocodile (Lair:1)
19 creatures vanquished.

Vanquished Creatures (others)
  4 fungi
  3 plants
7 creatures vanquished.

Grand Total: 290 creatures vanquished

Notes
Turn   | Place    | Note
-------+----------+-------------------------------------------
     0 | D:1      | Faels the Felid Berserker began the quest for the Orb.
     0 | D:1      | Reached XP level 1. HP: 10/10 MP: 2/2
   144 | D:1      | Reached skill level 1 in Stealth
   216 | D:1      | Reached XP level 2. HP: 14/14 MP: 3/3
   501 | D:1      | You fall into a shaft and drop 1 floor!
   821 | D:1      | Reached ** piety under Trog
  1111 | D:1      | Reached XP level 3. HP: 17/17 MP: 4/4
  2092 | D:2      | Reached XP level 4. HP: 21/21 MP: 5/5
  2716 | D:3      | Reached skill level 5 in Dodging
  2758 | D:3      | Found a faded altar of an unknown god.
  2905 | D:3      | Reached *** piety under Trog
  2978 | D:3      | Found a radiant altar of Vehumet.
  3053 | D:3      | Reached XP level 5. HP: 16/25 MP: 6/6
  3252 | D:3      | Found a glowing silver altar of Zin.
  3500 | D:4      | Found a shadowy altar of Dithmenos.
  3984 | D:4      | Noticed an ogre
  4070 | D:4      | Killed an ogre
  4070 | D:4      | Gained mutation: You are covered in thick fur. (AC +2)
                  | [Felid growth]
  4070 | D:4      | Reached XP level 6. HP: 28/28 MP: 7/7
  4293 | D:5      | Entered Level 5 of the Dungeon
  4943 | D:5      | Noticed an ice beast
  4955 | D:5      | Killed an ice beast
  4955 | D:5      | Reached skill level 1 in Evocations
  5260 | D:5      | Reached XP level 7. HP: 33/33 MP: 7/9
  5515 | D:5      | Reached skill level 5 in Stealth
  5546 | D:5      | Reached skill level 5 in Unarmed Combat
  5595 | D:5      | Reached skill level 5 in Fighting
  6044 | D:6      | Reached XP level 8. HP: 29/37 MP: 11/11
  6186 | D:6      | Reached **** piety under Trog
  6189 | D:6      | Found a staircase to the Ecumenical Temple.
  6217 | Temple   | Entered the Ecumenical Temple
  6512 | D:6      | Found a burning altar of Makhleb.
  6614 | D:6      | Noticed Sigmund
  6619 | D:6      | Killed Sigmund
  6905 | D:6      | Found an opulent altar of Gozag.
  6998 | D:6      | Found a blossoming altar of Fedhas.
  6999 | D:6      | Found an ornate altar of the Wu Jian Council.
  7522 | D:7      | Found a white marble altar of Elyvilon.
  7556 | D:7      | Noticed a meliai
  7561 | D:7      | Found a transporter.
  7561 | D:7      | Noticed jonnos's ghost (novice MiBe)
  7564 | D:7      | Found a transporter.
  7669 | D:7      | Noticed Menkaure
  7677 | D:7      | Killed Menkaure
  7677 | D:7      | Reached XP level 9. HP: 38/41 MP: 13/13
  8339 | D:7      | Reached skill level 5 in Evocations
  8393 | D:7      | HP: 2/42 [orc/+0 flail (7)]
  8397 | D:7      | Engulfed by an orc wizard's steam
  8398 | D:7      | Reached XP level 8. HP: -16/58 MP: 12/12
  9072 | D:8      | Noticed a death yak
  9072 | D:8      | Noticed a death yak
  9108 | D:8      | Found a stormy altar of Qazlal.
  9125 | D:8      | Noticed a death yak
  9419 | D:8      | Killed a death yak
  9419 | D:8      | Reached XP level 9. HP: 22/43 MP: 14/14
  9714 | D:8      | Found a staircase to the Lair.
  9750 | D:8      | Noticed Maggie
  9761 | D:8      | Killed Maggie
 10193 | D:9      | Noticed a wizard
 10193 | D:9      | Noticed an orc sorcerer
 10283 | D:9      | Killed a wizard
 10293 | D:9      | Killed an orc sorcerer
 10293 | D:9      | Reached skill level 10 in Dodging
 10293 | D:9      | Reached XP level 10. HP: 27/48 MP: 14/16
 10500 | D:9      | Reached ***** piety under Trog
 10666 | D:9      | Found a hide-covered altar of Uskayaw.
 10667 | D:9      | Reached skill level 10 in Stealth
 10867 | D:10     | Entered Level 10 of the Dungeon
 11029 | D:10     | Noticed a two-headed ogre
 11048 | D:10     | Killed a two-headed ogre
 11955 | D:11     | Noticed a centaur warrior
 12152 | D:11     | Noticed Psyche
 12159 | D:11     | Killed a centaur warrior
 12205 | D:11     | Killed Psyche
 12388 | D:11     | Reached XP level 11. HP: 52/52 MP: 17/17
 12575 | Lair:1   | Entered Level 1 of the Lair of Beasts
 13280 | Lair:1   | Found a runed translucent gate.
 13280 | Lair:1   | Found a runed translucent gate.
 13281 | Lair:1   | Found a runed translucent gate.
 13291 | Lair:1   | You fall into a shaft and drop 1 floor!
 13301 | Lair:1   | Got a pitted amber ring
 13305 | Lair:1   | Identified the cursed ring of the Median {*Drain rN++ EV-3
                  | Int+3} (You found it on level 1 of the Lair of Beasts)
 13309 | Lair:1   | Noticed a seven-headed hydra
 13320 | Lair:1   | Killed an eight-headed hydra
 13857 | Lair:1   | Noticed Xaclaxko's ghost (journeyman OpFi)
 14578 | Lair:2   | You fall into a shaft and drop 1 floor!
 14613 | Lair:2   | Noticed an eight-headed hydra
 14629 | Lair:2   | Killed a nine-headed hydra
 15556 | Lair:1   | Gained mutation: Your thick and shaggy fur keeps you warm.
                  | (AC +3, rC+) [Felid growth]
 15556 | Lair:1   | Reached XP level 12. HP: 57/57 MP: 19/19
 16281 | Lair:3   | Noticed a four-headed hydra
 16295 | Lair:3   | Killed a four-headed hydra
 16295 | Lair:3   | Reached skill level 10 in Unarmed Combat
 16451 | Lair:3   | Found a hole to the Spider Nest.
 17014 | Lair:4   | Reached skill level 10 in Fighting
 17103 | Lair:4   | Noticed an eight-headed hydra
 17110 | Lair:4   | Killed an eight-headed hydra
 17198 | Lair:4   | Found a staircase to the Shoals.
 17234 | Lair:4   | Noticed Nessos
 17240 | Lair:4   | Reached skill level 10 in Evocations
 17245 | Lair:4   | Killed Nessos
 17309 | Lair:4   | Noticed a five-headed hydra
 17333 | Lair:4   | Killed a five-headed hydra
 17469 | Lair:4   | Noticed an eight-headed hydra
 17501 | Lair:4   | Slain by an eight-headed hydra
 17502 | Lair:4   | Reached XP level 11. HP: -1/54 MP: 19/19
 17526 | Lair:4   | Quit the game

Levels and vault maps discovered:
D:1:      heliophobic_arrival_ceremonial_halls, layout_rooms
D:2:      layout_basic, minmay_pentomino_v4
D:3:      layout_basic, lemuel_coloured_pillars_altar, first_ration,
          chequers_ecumenical_altar_simple_redux, minmay_misc_feat_nine_boxes,
          minivault_5, lemuel_statue_altar
D:4:      layout_basic, overflow_temple_1_default
D:5:      layout_basic, grunt_tough_drop
D:6:      layout_loops_cross, nicolae_overflow_crystal_walls,
          gammafunk_temple_overflow_claw, minmay_temple_entry_overgrown,
          uniq_sigmund
D:7:      wad_lake_hut, layout_loops_ring, kennysheep_mini,
          gammafunk_ghost_arena, serial_rivers, chequers_serial_rivers_micro_a,
          chequers_serial_rivers_large_b, chequers_serial_rivers_micro_e,
          chequers_serial_rivers_micro_d, due_unseen_surprise, uniq_menkaure
D:8:      layout_gridville, nicolae_qazlal_eye_of_the_storm, dpeg_lair_monsters,
          uniq_maggie
D:9:      cheibrodos_wizards_tower, layout_loops_ring, lemuel_round_altar
D:10:     layout_basic, hangedman_pestilent_swarm
D:11:     layout_loops_ring, erik_orc_2, serial_park_tiny_2, uniq_psyche
Temple:   nicolae_temple_figure_eight
Lair:1:   layout_small_grid, gammafunk_ghost_icy, serial_bayou_lake_a,
          grunt_megastairs_1
Lair:2:   layout_gridlike, chequers_serial_rivers_micro_b,
          nicolae_lair_grove_arrangements
Lair:3:   layout_roguey, spider_nest_entry_a
Lair:4:   layout_layer_cave, elwin_shoals_entry_stream,
          portal_ice_cave_demonic_guard, grunt_megastairs_5, uniq_nessos

Skill      XL: |  1  2  3  4  5  6  7  8  9 10 11 12 |
---------------+-------------------------------------+-----
Stealth        | 1 2 3 4 5 9 8 11 12 13 | 13.3
Dodging        | 5 6 9 10 11 12 13 | 13.0
Unarmed Combat | 4 5 7 8 9 10 | 10.4
Fighting       | 4 5 7 8 9 10 | 10.3
Evocations     | 1 3 6 5 7 9 10 | 10.1

Action                   |  1- 3 |  4- 6 |  7- 9 | 10-12 || total
-------------------------+-------+-------+-------+-------++-------
Melee: Unarmed           |   106 |    97 |   258 |   308 ||   769
       Bite              |     7 |     5 |    28 |    28 ||    68
       Punch             |     1 |     5 |       |    19 ||    25
Invok: Berserk           |     4 |     7 |    13 |    22 ||    46
       Trog's Hand       |       |       |     2 |     7 ||     9
       Brothers in Arms  |       |       |       |    10 ||    10
Evoke: Wand              |       |     1 |    22 |    16 ||    39
  Use: Scroll            |     1 |       |     7 |     9 ||    17
       Potion            |       |       |     5 |     2 ||     7
 Stab: Sleeping          |     2 |    21 |    27 |    39 ||    89
       Distracted        |       |       |     1 |     2 ||     3
       Paralysed         |       |       |       |     2 ||     2
  Eat: Chunk             |    13 |     9 |    29 |    40 ||    91
Armor: Skin              |     5 |     3 |     9 |    10 ||    27
Dodge: Dodged            |   108 |    47 |   180 |   276 ||   611

Table legend:
 A = Non-vault XP
 B = Vault XP
 C = Vault XP percentage of total XP
 D = Non-vault monster count
 E = Vault monster count
 F = Vault count percentage of total count
                 A         B        C        D         E       F
            +---------+---------+-------+---------+---------+-------
      Total |   25141 |    8433 |  25.1 |     257 |      26 |   9.2
            +---------+---------+-------+---------+---------+-------
        D:1 |      41 |       0 |   0.0 |      24 |       0 |   0.0
        D:2 |      80 |       2 |   2.4 |      19 |       1 |   5.0
        D:3 |      79 |       0 |   0.0 |      18 |       0 |   0.0
        D:4 |     227 |       0 |   0.0 |      12 |       0 |   0.0
        D:5 |     826 |       0 |   0.0 |      15 |       0 |   0.0
        D:6 |     842 |     227 |  21.2 |      19 |       1 |   5.0
        D:7 |    1210 |     172 |  12.4 |      31 |       1 |   3.1
        D:8 |     647 |    1669 |  72.1 |      12 |       4 |  25.0
        D:9 |     775 |    1221 |  61.2 |      16 |       2 |  11.1
       D:10 |    2193 |     627 |  22.2 |      13 |       4 |  23.5
       D:11 |    1214 |     710 |  36.9 |       3 |       4 |  57.1
     Lair:1 |    6611 |     759 |  10.3 |      35 |       3 |   7.9
     Lair:2 |    5446 |       0 |   0.0 |      22 |       0 |   0.0
     Lair:3 |    1994 |       0 |   0.0 |       7 |       0 |   0.0
     Lair:4 |    2956 |    3046 |  50.7 |      11 |       6 |  35.3
            +---------+---------+-------+---------+---------+-------
